Map: [ESL] Hardwire

Players

Nice - Winner!

  • Race: Protoss Protoss

Spirit

  • Race: Terran Terran

Event: IEM Katowice 2022

VOD

Have the link to the VOD?

Description

Time

  • Played on: Feb. 23, 2022, 11:53 a.m.
  • Length: 17:24

All games in this series

Show
View Real Time Build Order
Export as new Build Order

Nice Protoss - Winner!

Build Orders: 1 Gate Expand 

Get SALT Encoding   

  12  0:00  Probe  
  13  0:12  Probe  
  14  0:20  Pylon  
  14  0:24  Probe (Chrono Boost)  
  15  0:38  Gateway  
  15  0:40  Probe (Chrono Boost)  
  16  0:47  Probe (Chrono Boost)  
  16  0:48  Assimilator  
  17  0:56  Probe  
  18  1:08  Probe  
  19  1:15  Assimilator  
  19  1:20  Probe  
  20  1:25  Cybernetics Core  
  20  1:40  Nexus  
  20  1:50  Pylon  
  20  1:56  Probe  
  20  1:57  Assimilator  
  20  1:59  Adept (Chrono Boost)  
  21  2:07  Shield Battery  
  23  2:10  Probe  
  23  2:17  Warp Gate  
  23  2:21  Adept (Chrono Boost)  
  23  2:22  Probe  
  26  2:34  Probe  
  27  2:38  Robotics Facility  
  27  2:44  Adept  
  27  2:47  Probe  
  30  2:59  Probe  
  30  3:01  Probe  
  32  3:15  Gateway  
  32  3:17  Gateway  
  31  3:26  Warp Prism (Chrono Boost)  
  29  3:31  Probe  
  32  3:48  Probe x2  
  34  3:53  Observer (Chrono Boost)  
  33  4:07  Observer (Chrono Boost)  
  36  4:11  Pylon  
  36  4:14  Stalker x3  
  40  4:25  Immortal (Chrono Boost)  
  42  4:40  Stalker  
  42  4:41  Stalker  
  46  4:47  Stalker  
  48  4:54  Probe  
  47  5:01  Probe (Chrono Boost)  
  47  5:06  Probe (Chrono Boost)  
  49  5:13  Probe (Chrono Boost)  
  50  5:16  Probe (Chrono Boost)  
  50  5:18  Twilight Council, Probe (Chrono Boost)  
  50  5:22  Observer  
  50  5:25  Probe  
  49  5:28  Probe  
  50  5:37  Probe  
  50  5:41  Probe  
  52  5:43  Observer  
  52  5:47  Nexus  
  52  5:49  Pylon, Probe  
  53  5:51  Observer  
  53  5:53  Probe  
  53  5:54  Charge (Chrono Boost)  
  53  6:00  Forge  
  53  6:01  Probe  
  54  6:07  Probe  
  55  6:13  Probe  
  55  6:14  Pylon  
  55  6:17  Templar Archives  
  56  6:19  Probe  
  57  6:25  Probe  
  57  6:28  Shield Battery  
  57  6:30  Gateway  
  57  6:31  Probe  
  59  6:33  Gateway  
  59  6:37  Gateway  
  60  6:45  Stargate  
  61  6:50  Photon Cannon  
  61  6:52  Probe x2  
  61  6:53  Protoss Ground Armor Level 1 (Chrono Boost)  
  61  6:58  Photon Cannon  
  61  7:04  Photon Cannon, Probe  
  61  7:06  Probe  
  61  7:08  Probe  
  64  7:16  Probe  
  64  7:18  Forge  
  64  7:19  Probe  
  64  7:20  Probe  
  67  7:23  Sentry  
  67  7:25  Oracle (Chrono Boost)  
  67  7:28  Pylon  
  72  7:31  Probe x2  
  72  7:32  Probe  
  73  7:38  Stalker x2  
  73  7:43  Probe x2  
  76  7:46  Probe  
  75  7:52  Phoenix (Chrono Boost)  
  78  7:59  Nexus  
  78  8:01  Probe x3  
  80  8:10  Zealot x3  
  86  8:13  Probe  
  86  8:16  Protoss Ground Weapons Level 1 (Chrono Boost)  
  86  8:17  Zealot x2  
  86  8:18  Zealot  
  93  8:21  Probe  
  93  8:26  Pylon  
  92  8:29  Pylon  
  92  8:30  Pylon, Probe  
  93  8:39  Pylon  
  93  8:41  Pylon  
  93  8:44  Probe x3  
  94  8:56  Probe x3  
  94  8:59  Gateway  
  94  9:00  Gateway  
  94  9:01  Gateway  
  94  9:02  Protoss Ground Armor Level 2 (Chrono Boost)  
  97  9:03  Gateway  
  97  9:07  Blink (Chrono Boost)  
  97  9:08  Probe x3  
  100  9:13  Probe  
  101  9:20  Assimilator, Probe x2  
  101  9:21  Pylon  
  101  9:22  Probe, Assimilator  
  104  9:25  Pylon  
  104  9:29  Pylon  
  104  9:33  Zealot x6  
  104  9:37  Phoenix (Chrono Boost)  
  115  9:45  Nexus  
  115  9:47  Probe x4  
  118  9:53  Phoenix (Chrono Boost)  
  118  10:00  Zealot x4  
  118  10:06  Probe x2  
  118  10:07  Probe x2, Protoss Ground Weapons Level 2 (Chrono Boost)  
  127  10:18  Assimilator, Probe  
  127  10:19  Pylon, Probe x2  
  127  10:20  Phoenix  
  132  10:22  Probe  
  132  10:24  Pylon  
  133  10:31  Probe x3  
  133  10:33  Photon Cannon  
  133  10:34  Probe  
  133  10:35  Shield Battery  
  137  10:37  High Templar x2  
  137  10:38  Zealot  
  137  10:41  Archon  
  141  10:43  Zealot x2, Probe x3  
  141  10:46  Probe  
  149  10:50  Zealot x3  
  149  10:55  Probe  
  149  10:57  Probe  
  157  10:59  Robotics Bay  
  157  11:00  Zealot x3  
  163  11:05  Zealot x2  
  163  11:10  Zealot x3  
  171  11:21  Zealot x5  
  166  11:31  Zealot x8  
  163  11:36  Probe x3  
  163  11:38  Probe  
  163  11:39  Phoenix  
  167  11:44  Probe  
  154  11:47  Warp Prism (Chrono Boost)  
  154  11:48  Protoss Ground Armor Level 3 (Chrono Boost), Probe  
  151  11:55  Probe x2  
  151  11:56  Probe  
  151  11:58  Photon Cannon  
  151  11:59  Shield Battery  
  154  12:02  High Templar x4  
  154  12:03  Zealot x2  
  154  12:06  Probe x2  
  154  12:07  Probe x2  
  170  12:08  Probe  
  170  12:10  Archon x2  
  170  12:13  Pylon  
  170  12:14  Gateway  
  171  12:17  Gateway  
  171  12:21  Robotics Facility  
  171  12:28  Robotics Facility, Probe x2  
  171  12:29  Photon Cannon, Probe  
  161  12:32  Zealot x4  
  169  12:40  Zealot x5  
  179  12:44  Photon Cannon  
  156  13:00  Zealot x4  
  156  13:01  Zealot x6  
  148  13:10  Probe x5  
  139  13:15  Extended Thermal Lance  
  139  13:19  Assimilator  
  139  13:22  Pylon, Probe x5  
  139  13:24  Pylon, Nexus, Assimilator  
  139  13:25  Colossus (Chrono Boost)  
  144  13:27  Photon Cannon  
  144  13:31  Colossus (Chrono Boost)  
  156  13:41  Probe x4  
  156  13:42  Probe  
  156  13:47  Zealot x5  
  165  13:56  Zealot x5  
  165  14:02  Zealot  
  170  14:04  Pylon x2  
  170  14:05  Protoss Shields Level 1 (Chrono Boost)  
  170  14:08  Zealot x4  
  173  14:12  Observer (Chrono Boost)  
  173  14:18  Stalker x3  
  173  14:23  Stalker, Observer (Chrono Boost)  
  181  14:28  Robotics Facility  
  172  14:42  Colossus (Chrono Boost)  
  172  14:43  Probe x2  
  172  14:44  Probe x3  
  177  14:45  Twilight Council  
  177  14:46  Nexus  
  189  14:56  Gravitic Boosters  
  183  15:10  Zealot x6  
  183  15:11  Zealot x5  
  165  15:36  Zealot x3  
  157  15:43  Zealot x4  
  167  15:55  Colossus x2 (Chrono Boost)  
  157  15:59  Zealot x3  
  161  16:08  Stalker x4  
  143  16:22  Pylon  
  139  16:29  Pylon  
  139  16:31  Pylon  
  139  16:38  Stalker x5  
  139  16:39  Stalker x2  
  153  16:48  Probe x3  
  153  16:49  Probe  
  153  16:54  Pylon  
  153  16:57  Observer (Chrono Boost)  
  153  17:00  Probe x2  
  153  17:01  Probe x3  
  153  17:05  Assimilator  
  153  17:06  Assimilator  
  153  17:07  Pylon, Assimilator  
  155  17:12  Zealot x8, Probe  
  155  17:13  Zealot x3  
  155  17:15  Nexus  
  167  17:16  Pylon  
Show
View Real Time Build Order
Export as new Build Order

Spirit Terran 

Build Orders: Reaper Expand 

Get SALT Encoding   

  12  0:00  SCV  
  13  0:12  SCV  
  14  0:17  Supply Depot  
  14  0:24  SCV  
  15  0:38  SCV  
  15  0:39  Barracks  
  16  0:45  Refinery  
  16  0:50  SCV  
  17  1:02  SCV  
  18  1:14  SCV  
  19  1:20  Engineering Bay  
  19  1:27  Reaper, Orbital Command  
  20  1:49  Command Center  
  20  1:53  SCV  
  21  2:06  Barracks Reactor  
  21  2:07  Supply Depot  
  21  2:09  Bunker  
  21  2:10  SCV  
  22  2:20  Bunker  
  22  2:28  Factory  
  22  2:30  SCV  
  23  2:42  SCV  
  23  2:43  Marine x2  
  26  2:54  SCV  
  26  3:01  Marine x2  
  28  3:07  SCV  
  29  3:13  Starport  
  29  3:14  Hellion  
  29  3:19  SCV  
  31  3:25  Marine x2  
  31  3:26  Orbital Command  
  33  3:31  SCV  
  34  3:36  Factory Tech Lab  
  34  3:40  Refinery  
  33  3:43  SCV, Marine x2  
  35  3:51  Bunker  
  34  3:57  SCV, Siege Tank  
  34  4:01  SCV  
  39  4:02  Marine  
  39  4:03  Marine  
  41  4:13  SCV  
  41  4:14  Supply Depot  
  43  4:20  Marine x2  
  44  4:24  Viking  
  46  4:32  SCV  
  46  4:34  SCV  
  46  4:38  Marine  
  45  4:39  Cyclone  
  45  4:43  Supply Depot  
  45  4:44  SCV  
  50  4:49  Marine  
  50  4:51  Engineering Bay  
  51  4:56  SCV  
  51  4:57  SCV  
  47  5:02  Starport Tech Lab  
  47  5:08  SCV  
  47  5:09  SCV  
  48  5:20  SCV  
  49  5:22  SCV  
  49  5:25  Marine  
  49  5:26  Banshee  
  51  5:32  SCV  
  51  5:34  SCV  
  51  5:35  Missile Turret  
  53  5:36  Refinery  
  53  5:37  Supply Depot  
  53  5:39  Siege Tank  
  53  5:40  Marine  
  57  5:45  Cloaking Field, SCV, Barracks  
  57  5:46  SCV  
  59  5:56  Barracks  
  60  5:57  SCV, Marine  
  60  5:58  SCV, Marine  
  63  6:08  Refinery  
  63  6:09  SCV, Banshee  
  63  6:10  SCV  
  67  6:15  Marine  
  68  6:21  SCV  
  68  6:22  SCV  
  70  6:27  Supply Depot  
  70  6:30  Supply Depot  
  70  6:37  Terran Infantry Weapons Level 1  
  70  6:41  Stimpack  
  70  6:46  Barracks Tech Lab  
  70  6:48  Marine x2  
  70  6:52  SCV x2  
  74  6:54  Command Center  
  74  6:57  Raven  
  74  7:01  Supply Depot  
  76  7:02  Marauder  
  76  7:04  SCV  
  76  7:06  Marine, Marauder  
  76  7:07  SCV  
  83  7:11  Combat Shield  
  83  7:16  Supply Depot  
  83  7:18  Supply Depot  
  83  7:21  SCV  
  84  7:23  Marauder  
  84  7:24  Factory Reactor  
  84  7:28  SCV  
  87  7:31  Marine  
  88  7:38  Marine  
  88  7:42  SCV  
  88  7:43  Marauder  
  92  7:46  Barracks x2  
  92  7:49  Marine  
  92  7:50  SCV, Marauder  
  95  7:57  Starport Reactor  
  95  8:00  SCV  
  95  8:01  Supply Depot  
  95  8:02  Bunker  
  95  8:03  Bunker  
  95  8:05  Bunker  
  96  8:07  SCV  
  96  8:08  Orbital Command  
  97  8:13  Marine, Marauder  
  97  8:14  SCV  
  97  8:16  Marine  
  99  8:22  Marauder  
  99  8:25  Concussive Shells  
  98  8:27  Widow Mine x2  
  98  8:31  Marine  
  98  8:33  SCV x2, Orbital Command  
  98  8:34  Marine  
  105  8:35  Marauder, Sensor Tower  
  105  8:36  Barracks Reactor  
  105  8:37  Barracks Tech Lab  
  105  8:40  Medivac  
  110  8:43  Marine  
  110  8:45  SCV  
  110  8:46  Medivac  
  110  8:47  SCV  
  114  8:50  Marine  
  113  8:58  SCV  
  113  8:59  SCV  
  115  9:06  SCV  
  115  9:08  Supply Depot, Terran Infantry Armor Level 1  
  115  9:09  Marine, Marauder  
  119  9:10  Medivac  
  119  9:11  Widow Mine x2, SCV  
  119  9:14  Refinery x2  
  119  9:17  Armory  
  126  9:19  SCV  
  126  9:20  Engineering Bay  
  126  9:21  Marauder  
  129  9:26  Marine x2, Medivac  
  129  9:29  Marine  
  133  9:32  SCV  
  133  9:35  SCV  
  133  9:37  SCV  
  131  9:40  Medivac  
  131  9:42  Ghost Academy, Marine  
  131  9:43  Marauder  
  131  9:44  SCV, Marine, Marauder  
  140  9:47  SCV  
  141  9:57  Marine x2, Medivac  
  141  9:58  Marauder  
  137  10:00  Widow Mine x2  
  141  10:14  Command Center  
  141  10:15  Supply Depot  
  141  10:17  SCV, Marine x3, Medivac, Marauder  
  149  10:22  Marine  
  149  10:24  Supply Depot  
  149  10:25  Supply Depot, Ghost, Marauder  
  149  10:27  Medivac  
  154  10:31  Supply Depot, SCV x2  
  154  10:32  Terran Infantry Weapons Level 2  
  155  10:38  Ghost, Marine  
  158  10:46  SCV  
  158  10:47  Marauder  
  163  10:52  Widow Mine  
  163  10:53  Ghost, Marine  
  163  10:54  Supply Depot  
  163  10:55  SCV, Marine  
  167  10:58  Widow Mine  
  167  11:02  Marine  
  168  11:05  Marine  
  168  11:07  Ghost, Marauder  
  173  11:11  Marine  
  173  11:12  Marine  
  173  11:13  Widow Mine  
  167  11:20  Marine  
  167  11:22  Marauder  
  167  11:23  Marine, Medivac  
  170  11:29  Marauder, Marine  
  170  11:30  Marine  
  159  11:34  Medivac  
  159  11:36  Widow Mine, Marine  
  159  11:37  Marine  
  152  11:41  Marine  
  152  11:44  Marauder  
  152  11:45  Widow Mine  
  153  11:47  Marine  
  153  11:48  Marine  
  153  11:49  Marine  
  153  11:53  Medivac  
  148  11:55  Marauder, Marine  
  148  11:57  SCV  
  148  11:58  Marine  
  151  12:04  Medivac  
  151  12:05  Marine, Marauder  
  151  12:06  Marine  
  156  12:09  SCV  
  156  12:14  Terran Infantry Armor Level 2  
  161  12:15  Widow Mine x2  
  161  12:17  Starport  
  161  12:18  Planetary Fortress  
  161  12:23  SCV, Medivac  
  164  12:32  Marine, Sensor Tower  
  164  12:33  Missile Turret, Marauder  
  164  12:34  SCV, Medivac  
  170  12:39  SCV x2  
  170  12:40  Marauder x2  
  174  12:46  SCV  
  174  12:47  Marine  
  176  12:52  Medivac  
  176  12:54  Marauder  
  163  12:59  Marine  
  163  13:02  Marine  
  151  13:06  Marine  
  151  13:07  Marine  
  151  13:13  Marine  
  151  13:18  Medivac x2  
  148  13:22  Refinery  
  148  13:23  Refinery, Marine, Marauder x2  
  148  13:25  SCV, Marine, Command Center  
  148  13:26  SCV  
  155  13:31  SCV, Marauder  
  155  13:32  Marine  
  148  13:36  Enhanced Shockwaves  
  148  13:37  Widow Mine x2  
  148  13:38  Barracks  
  148  13:39  Barracks  
  152  13:41  Barracks  
  152  13:45  Marauder  
  152  13:47  SCV  
  155  13:49  Marine  
  155  13:52  Terran Infantry Weapons Level 3  
  150  13:56  Ghost  
  150  14:01  Marine, Marauder  
  149  14:07  Ghost  
  149  14:08  Marine  
  149  14:09  Starport Reactor  
  148  14:12  SCV  
  145  14:17  SCV  
  145  14:19  SCV  
  145  14:21  Viking x2  
  145  14:22  Ghost  
  154  14:24  SCV  
  154  14:25  Terran Ship Weapons Level 1  
  154  14:30  Ghost  
  152  14:33  Marine  
  152  14:35  Marine  
  152  14:36  Marauder  
  152  14:39  Marine  
  153  14:49  SCV x2  
  153  14:50  SCV  
  153  14:51  Ghost  
  159  14:54  Marine  
  159  14:57  Marauder  
  159  14:58  Marine  
  163  15:01  SCV x2  
  163  15:03  SCV  
  155  15:07  Marine  
  155  15:08  Marauder  
  155  15:17  Viking  
  155  15:19  Ghost, Marauder  
  155  15:20  Marine  
  160  15:26  Marine  
  160  15:27  Viking  
  159  15:29  Planetary Fortress, Viking  
  159  15:30  Marine  
  135  15:48  Ghost  
  113  15:50  Marine  
  113  15:52  Marine x2, Marauder x2  
  113  15:54  Marine  
  108  16:03  Viking  
  84  16:08  Marine  
  84  16:10  Marine  
  75  16:12  Marine  
  75  16:13  Marine  
  75  16:14  Marauder  
  75  16:18  Marauder  
  68  16:20  Marine  
  61  16:27  Marine  
  61  16:30  Marine  
  61  16:31  Marauder  
  63  16:34  Marine  
  63  16:38  Marine  
  63  16:39  Marauder  
  62  16:45  Marine  
  57  16:51  Marine  
  57  16:53  Marauder  
  57  16:54  Marine  
  58  16:55  Marine  
  58  17:01  Marauder  
  58  17:03  Marine  

Tags
 
Add a new tag
Caveats
  • Supply blocks, unpowered buildings, or Contaminate may cause inaccurate times.
  • Supply counts are checked every 10 seconds.